 Dungeon Crawl Stone Soup version 0.25-a0-424-g80bd347ae0 (webtiles) character file.

Game seed: 4314826161243999869, levelgen mode: deterministic

26 Eurus the Conjurer (level 2, -8/20 HPs)
             Began as a Mummy Conjurer on Jan 23, 2020.
             Mangled by an iguana (12 damage)
             ... on level 2 of the Dungeon.
             The game lasted 00:04:22 (1099 turns).

Eurus the Conjurer (Mummy Conjurer)                 Turns: 1099, Time: 00:04:22

Health: -8/20      AC:  3    Str: 11    XL:     2   Next: 89%
Magic:  1/6        EV: 12    Int: 14    God:
Gold:   46         SH:  0    Dex: 12    Spells: 4/7 levels left

rFire    x . .     SeeInvis .   b - +0 short sword
rCold    + . .     Gourm    .   (no shield)
rNeg     + + +     Faith    .   a - +0 robe
rPois    ∞         Spirit   .   j - +0 helmet
rElec    .         Reflect  .   (no cloak)
rCorr    .         Harm     .   (no gloves)
MR       .....                  (no boots)
Stlth    ++........             (no amulet)
HPRegen  0.06/turn              (no ring)
MPRegen  0.10/turn              (no ring)

@: no status effects
A: no food or potions, fire vulnerability, cold resistance 1, negative energy
resistance 3, torment resistance, unbreathing
a: no special abilities


You were on level 2 of the Dungeon.
You were not hungry.

You visited 1 branch of the dungeon, and saw 2 of its levels.

You collected 46 gold pieces.

Inventory:

Hand Weapons
 b - a +0 short sword (weapon)
 m - a +0 war axe
Armour
 a - a +0 robe (worn)
 j - a +0 helmet (worn)
Jewellery
 c - an uncursed ring of magical power {unknown}
 e - a +2 ring of evasion {unknown}
 f - a cursed +4 ring of intelligence {unknown}
 k - an uncursed ring of wizardry {unknown}
Scrolls
 d - 4 scrolls of identify {unknown}
 g - a scroll of fog {unknown}
 h - a scroll of magic mapping {unknown}
 i - 2 scrolls of enchant weapon {unknown}
 l - 2 scrolls of remove curse {unknown}


   Skills:
 + Level 0.9 Fighting
 + Level 1.9 Dodging
 + Level 1.9 Stealth
 + Level 3.1 Spellcasting
 + Level 3.4 Conjurations


You had 4 spell levels left.
You knew the following spells:

 Your Spells              Type           Power        Failure   Level  Hunger
a - Magic Dart            Conj           ##..         5%          1    N/A
b - Searing Ray           Conj           ##....       8%          2    N/A

Your spell library contained the following spells:

 Spells                   Type           Power        Failure   Level  Hunger
 Dazzling Flash           Conj/Hex       #.....       30%         3    N/A
 Fulminant Prism          Conj/Hex       #.........   71%         4    N/A
 Iskenderun's Mystic Bla  Conj/Tloc      #.......     71%         4    N/A

Dungeon Overview and Level Annotations

Branches:
Dungeon (2/15)

Altars:


Innate Abilities, Weirdness & Mutations

You do not eat or drink.
Your flesh is vulnerable to fire.
You are immune to poison.
Your flesh is cold resistant. (rC+)
You are immune to negative energy. (rN+++)
You are immune to unholy pain and torment.
You can survive without breathing.


Message History

The iguana is heavily wounded.
The iguana closely misses you.
You hit the iguana but do no damage.
The iguana is heavily wounded.
The iguana closely misses you.
You barely miss the iguana.
The iguana is heavily wounded.
The iguana misses you.
You closely miss the iguana.
The iguana is heavily wounded.
The iguana bites you!
* * * LOW HITPOINT WARNING * * *
You hit the iguana but do no damage.
The iguana is heavily wounded.
The iguana barely misses you.
You hit the iguana but do no damage.
The iguana is heavily wounded.
The iguana bites you!
Ouch! That really hurt!
You die...

#.#.#..#....#.......#.########.#
#.#.#..#.##.#####.#.#...........
#.#†#.##.##.# #.#.###.####...)
#.#.#.#.....# #.#.# #..##....≈
#.#.#....########.#.# ##.#..≈.≈≈
#.#.###.## #.......# ##...≈..≈≈
#.#.# #.#####.###.# #..≈P≈≈PP≈
#.#.# #.......l...#####.≈.≈≈P≈≈≈
#.#.# #######.#@........≈≈P≈≈≈≈l
#.#.# #.# #.######.....≈≈≈≈≈≈≈
#.#.# #.####.# ##...≈≈≈≈PP≈≈≈
#.#.# #...##.### #..P.P≈≈≈≈≈≈..
#.#.# #......#.# #.≈.P≈≈≈P.≈...
#.#.######....(.# #..≈≈≈≈≈......
##'#'#......####.# #.##≈≈≈#.....
....###..##.####'###.#≈≈≈##.....
.....≈...............##≈≈# #....


You could see an iguana.

Vanquished Creatures
  An adder (D:2)
  3 bats
  A giant cockroach (D:2)
  A goblin (D:2)
  2 hobgoblins
  4 kobolds (D:1)
  3 frilled lizards
  3 rats
18 creatures vanquished.

Notes
Turn   | Place    | Note
-------+----------+-------------------------------------------
     0 | D:1      | Eurus the Mummy Conjurer began the quest for the Orb.
     0 | D:1      | Reached XP level 1. HP: 13/13 MP: 4/4
   417 | D:1      | Reached XP level 2. HP: 20/20 MP: 2/5
   835 | D:2      | Learned a level 2 spell: Searing Ray
  1099 | D:2      | Mangled by an iguana

Levels and vault maps discovered:
D:1:      saegor_arrival_simple_c, layout_basic
D:2:      layout_basic, old_standard_altar, chequers_serial_rivers_micro_b,
          minivault_14, chequers_big_river, minmay_cut_off

Skill      XL: |  1  2 |
---------------+-------+-----
Spellcasting   | 3 |  3.1
Fighting       | |  0.9
Dodging        | |  1.9
Stealth        | |  1.9
Conjurations   | |  3.4

Action                   || total
-------------------------++-------
Melee: Short sword       ||    24
 Cast: Magic Dart        ||    24
       Searing Ray       ||     3
Armor: Robe              ||     6
Dodge: Dodged            ||    23

Table legend:
 A = Non-vault XP
 B = Vault XP
 C = Vault XP percentage of total XP
 D = Non-vault monster count
 E = Vault monster count
 F = Vault count percentage of total count
                 A         B        C        D         E       F
            +---------+---------+-------+---------+---------+-------
      Total |      38 |       0 |   0.0 |      18 |       0 |   0.0
            +---------+---------+-------+---------+---------+-------
        D:1 |      16 |       0 |   0.0 |      11 |       0 |   0.0
        D:2 |      22 |       0 |   0.0 |       7 |       0 |   0.0
            +---------+---------+-------+---------+---------+-------
